 Dungeon Crawl Stone Soup version 0.29-a0-219-g0a02b1cf4f (webtiles) character file.

Game seed: 14124174034517366996

18 Anon1729 the Skirmisher (level 2, -1/26 HPs)
             Began as a Draconian Monk on Feb 25, 2022.
             Succumbed to Ijyb's poison
             ... on level 4 of the Dungeon.
             The game lasted 00:01:29 (752 turns).

Anon1729 the Skirmisher (Draconian Monk)             Turns: 752, Time: 00:01:29

Health: -1/26      AC:  5    Str: 13    XL:     2   Next: 48%
Magic:  0/2        EV: 12    Int: 10    God:
Gold:   19         SH:  0    Dex: 13    Spells: 1/1 levels left

rFire   + . .      SeeInvis .   a - +0 falchion
rCold   + . .      Faith    .   (no shield)
rNeg    . . .      Spirit   +   (body armour unavailable)
rPois   +          Reflect  .   (helmet restricted)
rElec   +          Harm     .   g - +0 cloak
rCorr   +          Rampage  .   (no gloves)
Will    .....                   (no boots)
Stlth   ++........              b - amulet of guardian spirit
HPRegen 0.08/turn               (no ring)
MPRegen 0.08/turn               (no ring)

@: lethally poisoned (-1 -> -13), resistant
A: AC +4, unfitting armour, cold-blooded
a: no special abilities


You were on level 4 of the Dungeon.
You visited 1 branch of the dungeon, and saw 3 of its levels.

You collected 19 gold pieces.

Inventory:

Hand Weapons
 a - a +0 falchion (weapon)
Armour
 g - a +0 cloak (worn)
Jewellery
 b - an amulet of guardian spirit (around neck)
Scrolls
 c - 2 scrolls of identify
 d - a scroll of torment {unknown}
 e - 2 scrolls of teleportation


   Skills:
 + Level 3.5 Fighting
 + Level 3.2 Long Blades
 + Level 2.9 Dodging
 + Level 2.1 Stealth


You had one spell level left.
You didn't know any spells.
Your spell library was empty.

Dungeon Overview and Level Annotations

Branches:
Dungeon (2/15)

Altars:
Vehumet

Annotations:
D:4 Ijyb


Innate Abilities, Weirdness & Mutations

Your plain brown scales are hard. (AC +4)
You cannot fit into any form of body armour.
You are cold-blooded and may be slowed by cold attacks.


Message History

Where to? (Enter - D:1 @ (x,y), ? - help)
There is a stone staircase leading down here.
You climb downwards.
There is a stone staircase leading up here.
A sourceless malevolence fills the Dungeon...
You fall into a shaft and drop 2 floors!
The shaft crumbles and collapses.
Ijyb and an adder come into view.
Ijyb is wielding a +0 dagger of venom and carrying a wand of iceblast (7).
The helpless Ijyb fails to defend herself.
You hit Ijyb but do no damage. Ijyb barely misses you.
You closely miss Ijyb.
Ijyb screams, "You nasty!
Big nasty!"
Ijyb hits you with a +0 dagger of venom.
You hit Ijyb but do no damage.
Ijyb hits you with a +0 dagger of venom.
You are poisoned.
It was a potion of resistance.
You feel protected.
You feel very sick. Ijyb hits you but does no damage.
You hit Ijyb.
Your tail-slap misses Ijyb.
Ijyb is lightly wounded.
You feel sick. Ijyb barely misses you.
You hit Ijyb but do no damage.
Ijyb is lightly wounded.
You feel sick.
Ijyb hits you with a +0 dagger of venom.
You are lethally poisoned!
You hit Ijyb.
Your tail-slap misses Ijyb.
Ijyb is moderately wounded.
You feel very sick.
The adder hisses angrily.
Ijyb hits you with a +0 dagger of venom.
* * * LOW HITPOINT WARNING * * *
You aren't carrying any potions.
As you read the scroll labelled FOLAXZE UGUSK, it crumbles to dust.
It is a scroll of identify.
e - 2 scrolls of teleportation You die...

### ..# # #
#.#.#
#.##S#.#
#......#..#
#@g....#
#####.##


You could see Ijyb and an adder.

Vanquished Creatures
  3 dart slugs (D:1)
  An endoplasm (D:1)
  A goblin (D:1)
  3 ball pythons (D:1)
  2 bats (D:1)
  A frilled lizard (D:1)
  3 rats (D:1)
14 creatures vanquished.

Notes
Turn   | Place    | Note
-------+----------+-------------------------------------------
     0 | D:1      | Anon1729 the Draconian Monk began the quest for the Orb.
     0 | D:1      | Reached XP level 1. HP: 19/19 MP: 1/1
   331 | D:1      | Found a faded altar of an unknown god.
   340 | D:1      | Reached XP level 2. HP: 25/26 MP: 2/2
   343 | D:1      | Prayed at the altar of an unknown god.
   343 | D:1      | Became a worshipper of Vehumet
   343 | D:1      | Reached * piety under Vehumet
   343 | D:1      | Offered knowledge of Foxfire by Vehumet.
   343 | D:1      | Reached ** piety under Vehumet
   344 | D:1      | Fell from the grace of Vehumet
   744 | D:2      | You fall into a shaft and drop 2 floors!
   744 | D:4      | Noticed Ijyb
   752 | D:4      | Succumbed to Ijyb's poison

Illustrated notes

Levels and vault maps discovered:
D:1:      onia_arrival_mini_spirals, layout_rooms,
          shapermc_ecumenical_altar_notcrosses
D:2:      layout_rooms, st_stairs_9
D:4:      layout_basic, lemuel_coloured_pillars_altar, uniq_ijyb,
          uniq_blork_the_orc, uniq_menkaure

Skill      XL: |  1 |
---------------+----+-----
Stealth        | 2 |  2.1
Fighting       | |  3.5
Long Blades    | |  3.2
Dodging        | |  2.9

Action                   || total
-------------------------++-------
Melee: Falchion          ||    38
       Tailslap          ||     3
Invok: Renounce Religion ||     1
  Use: Scroll            ||     1
       Potion            ||     1
 Stab: Sleeping          ||     3
Armor: Skin              ||    18
Dodge: Dodged            ||    15

Table legend: (Time is in decaauts)
 A = Elapsed time spent in this place.
 B = Non-inter-level travel time spent in this place.
 C = Inter-level travel time spent in this place.
 D = Time resting spent in this place.
 E = Time spent auto-exploring this place.
 F = Levels seen in this place.
 G = Mean time per level.
                   A        B        C        D        E       F      G
               +--------+--------+--------+--------+--------+-----+--------+
         Total |    761 |    734 |     27 |      0 |    619 |   3 |  253.7 |
       Dungeon |    761 |    734 |     27 |      0 |    619 |   3 |  253.7 |
               +--------+--------+--------+--------+--------+-----+--------+

Top non-repeatable levels by time:
     D:1: 751 daAuts
     D:4: 8 daAuts
     D:2: 1 daAuts
